Cogmind - Beta 13 @@@ ROGUE MODE // 2024.04.13 @ 00:33:23 Player: Olafz Result: Destroyed by G-47 Trooper with Particle Gun Performance ------------- Evolutions (2) 1000 Regions Visited (5) 1000 Robots Destroyed (48) 240 Value Destroyed (1485) 1485 Prototype IDs (2) 40 Alien Tech Used (0) 0 Bonus (0) 0 TOTAL SCORE: 3765 Bonus ------- None Cogmind --------- Core Integrity 0/550 Matter 300/300 Energy 22/100 System Corruption 0% Temperature Cool (9) Movement Core (50) Location -8/Storage Parts ------- > --- POWER (1) -------- (None) > --- PROPULSION (4) --- (None) > --- UTILITY (4) ------ (None) > --- WEAPON (2) ------- (None) > --- INVENTORY (5) ---- Actuator Array Reaction Control System Improved EM Shotgun Particle Gun Peak State ------------ > --- POWER ------------ Light Nuclear Core > --- PROPULSION ------- Carbon-fiber Leg Carbon-fiber Leg Carbon-fiber Leg Titanium Leg > --- UTILITY ---------- Advanced Heat Sink Machine Analyzer Melee Analysis Suite > --- WEAPON ----------- Heavy Particle Gun Heavy Laser > --- INVENTORY -------- Actuator Array Reaction Control System Improved EM Shotgun Particle Gun [Rating: 35] Favorites ----------- Power Ion Engine Engine Ion Engine Power Core Light Nuclear Core Propulsion Light Treads Treads Light Treads Leg Carbon-fiber Leg Wheel Compact Wheel Utility Huge Storage Unit Device Advanced Heat Sink Storage Huge Storage Unit Processor Melee Analysis Suite Protection Hardened Light Armor Plating Weapon Light Assault Rifle Energy Gun Heavy Particle Gun Ballistic Gun Light Assault Rifle Build | -11 -10 -10 -9 -8 -8 ------- Run | Yrd Mat Min Mat Mat Sto Slots Evolved 4 | . . . 2 2 . Power . | . . . . . . Propulsion 2 | . . . 2 . . Utility 2 | . . . . 2 . Weapon . | . . . . . . Parts Attached 49 | . 7 3 23 1 15 Power 8 | . 2 1 4 . 1 Engine 7 | . 2 1 4 . . Core 1 | . . . . . 1 Reactor . | . . . . . . Propulsion 22 | . 4 . 12 1 5 Treads 6 | . 2 . 4 . . Leg 11 | . 2 . 4 . 5 Wheel 5 | . . . 4 1 . Hover . | . . . . . . Flight . | . . . . . . Utility 9 | . 1 . 4 . 4 Device 2 | . . . . . 2 Storage 1 | . 1 . . . . Processor 2 | . . . . . 2 Hackware . | . . . . . . Protection 4 | . . . 4 . . Artifact . | . . . . . . Weapon 10 | . . 2 3 . 5 Energy Gun 5 | . . . . . 5 Energy Cannon . | . . . . . . Ballistic Gun 5 | . . 2 3 . . Ballistic Cannon . | . . . . . . Launcher . | . . . . . . Special Weapon . | . . . . . . Impact Weapon . | . . . . . . Slashing Weapon . | . . . . . . Piercing Weapon . | . . . . . . Special Melee Weapon . | . . . . . . Unidentified Prototypes 2 | . . . . . 2 Parts Lost 21 | . 1 3 8 3 6 Power 3 | . . 1 1 . 1 Propulsion 10 | . . 2 4 1 3 Utility 2 | . . . 1 . 1 Weapon 6 | . 1 . 2 2 1 Highest Loss Streak 8 | . 1 3 8 2 4 To Critical Strikes . | . . . . . . Average Slot Usage (%) 83 | . 90 91 79 61 52 Engine 10 | . 14 12 9 9 . Treads 18 | . 18 22 22 25 1 Leg 5 | . 9 . 2 . 21 Wheel 1 | . . . 5 1 . Storage 19 | . 23 28 12 9 . Protection 2 | . . . 7 9 . Energy Gun 1 | . . . . . 12 Ballistic Gun 21 | . 23 27 19 7 . Naked Turns 51 | . . . . . 51 Heaviest Build 96 | 11 93 93 96 96 92 Greatest Support 64 | 20 40 40 64 60 62 Greatest Overweight (x) 30 | . 4 30 26 5 5 Average Overweight (x) 1 | . 1 3 1 2 . Largest Inventory Capacity 25 | . 25 25 25 25 25 Average Capacity 21 | . 19 25 25 25 6 Most Carried 15 | . 10 11 15 15 14 Average Carried 9 | . 7 10 12 14 3 Final Capacity 25 | 8 25 25 25 25 5 Final Carried 15 | 6 9 11 15 14 4 Class Distribution -------------------- 73% | Mutant 26% | Scavenger-Mutant Dominant Class ---------------- Mutant | -10/Materials Mutant | -10/Mines Scavenger-Mutant | -9/Materials Scavenger-Mutant | -8/Materials Scavenger-Mutant | -8/Storage Resources | -11 -10 -10 -9 -8 -8 ----------- Run | Yrd Mat Min Mat Mat Sto Matter Collected 1003 | 200 108 239 306 5 145 Remotely . | . . . . . . Salvage Created 1925 | . 468 306 486 32 633 Parts 102 | . 17 18 35 6 26 Haulers Intercepted . | . . . . . . Recyclers Shooed 1 | . . 1 . . . Parts Field Recycled . | . . . . . . Retrieved Matter . | . . . . . . Parts Self-Destructed . | . . . . . . Prevented . | . . . . . . Kills | -11 -10 -10 -9 -8 -8 ------- Run | Yrd Mat Min Mat Mat Sto Combat Hostiles Destroyed 41 | . 7 9 11 4 10 Melee 2 | . . . . 2 . Guns 39 | . 7 9 11 2 10 Classes Destroyed 8 | . 2 1 3 . 2 Worker 2 | . . . 2 . . Builder 1 | . . . . . 1 Recycler 3 | . 2 . . . 1 Mechanic 1 | . . . . . 1 Swarmer 9 | . . 3 2 4 . Grunt 23 | . 7 6 5 . 5 Duelist 3 | . . . 1 . 2 Sentry 6 | . . . 3 . 3 Best Kill Streak 7 | . 3 3 7 4 5 Combat Bots Only 6 | . 3 3 6 4 4 Max Kills in Single Turn 2 | . 1 1 1 1 2 Gunslinging . | . . . . . . Exploded . | . . . . . . Melee 1 | . . . . 1 . Uniques/NPCs Destroyed . | . . . . . . Combat | -11 -10 -10 -9 -8 -8 -------- Run | Yrd Mat Min Mat Mat Sto Hostile Shots Fired 350 | . 59 46 107 51 87 Missed 91 | . 13 13 18 20 27 Damage Taken 3676 | . 578 426 1148 310 1214 Core 948 | . 100 56 240 51 501 Absorbed by Shields . | . . . . . . Core Remaining (%) 59 | 100 . 37 40 . . Volleys Fired 167 | . 38 35 41 9 44 Largest 2 | . 2 2 2 2 2 Hottest 124 | . 40 40 43 43 124 Shots Fired 287 | . 65 69 68 12 73 Gun 287 | . 65 69 68 12 73 Cannon . | . . . . . . Launcher . | . . . . . . Special . | . . . . . . Kinetic 214 | . 65 69 68 12 . Thermal 73 | . . . . . 73 Explosive . | . . . . . . Electromagnetic . | . . . . . . Robot Hit Streak 19 | . 8 8 8 2 19 Robot Miss Streak 4 | . 2 4 3 2 4 Penetration Max . | . . . . . . Secondary Targets 5 | . 3 1 1 . . Max Gunslinging Chain 1 | . 1 1 1 . . Shots Hit Robots 205 | . 44 47 50 6 58 Core Hits 103 | . 21 23 30 3 26 Critical Kills 2 | . . 1 1 . . Critical Parts Destroyed . | . . . . . . Critical Strikes 5 | . . 1 1 . 3 Burn 3 | . . . . . 3 Destroy 2 | . . 1 1 . . Melee Attacks . | . . . . . . Impact . | . . . . . . Slashing . | . . . . . . Piercing . | . . . . . . Sneak Attacks . | . . . . . . Combat Hostiles . | . . . . . . Follow-up Attacks . | . . . . . . Damage Inflicted 2656 | . 506 428 516 88 1118 Guns 2605 | . 506 396 516 74 1113 Cannons . | . . . . . . Explosions . | . . . . . . Melee . | . . . . . . Ramming 51 | . . 32 . 14 5 Kinetic 1492 | . 506 396 516 74 . Thermal 1113 | . . . . . 1113 Explosive . | . . . . . . Electromagnetic . | . . . . . . Impact . | . . . . . . Slashing . | . . . . . . Piercing . | . . . . . . Highest Corruption 2 | . 2 2 . . . Average Corruption 2 | . 2 2 . . . Corruption Purged . | . . . . . . Corruption Blocked . | . . . . . . Effects 28 | . 4 24 . . . Message Errors 4 | . 1 3 . . . Matter Fused 6 | . . 6 . . . Heat Flow Errors 3 | . 1 2 . . . Energy Discharges 4 | . . 4 . . . Data Loss (minor) 5 | . 1 4 . . . Data Loss (major) 1 | . . 1 . . . Misfires 4 | . . 4 . . . Alerts 1 | . 1 . . . . Overload Shots . | . . . . . . Overflow Damage . | . . . . . . Projectiles . | . . . . . . Explosions . | . . . . . . Melee . | . . . . . . Knockbacks 1 | . . 1 . . . Impact 1 | . . 1 . . . Kinetic . | . . . . . . Secondary . | . . . . . . Self-Inflicted Damage 2 | . . . . . 2 Shots . | . . . . . . Rammed 7 | . . 5 . 1 1 Targets Rammed 9 | . . 5 . 3 1 Kicked . | . . . . . . Crushed 2 | . . . . 2 . Highest Temperature 411 | . 92 258 58 4 411 Average Temperature 50 | . 19 45 16 2 93 Received Heat Transfer 1416 | . 342 210 414 54 396 Effects 3 | . . . . . 3 Energy Bleed 2 | . . . . . 2 Damage (minor) 1 | . . . . . 1 Siege Activations . | . . . . . . Robots Corrupted . | . . . . . . Combat Hostiles . | . . . . . . Parts Fried . | . . . . . . Impact Corruptions . | . . . . . . Robots Melted . | . . . . . . Combat Hostiles . | . . . . . . Parts Melted 10 | . . . . . 10 Heat Transferred 2479 | . . . . . 2479 Parts Sabotaged . | . . . . . . Parts Stolen . | . . . . . . Parts Stripped . | . . . . . . Power Chain Reactions . | . . . . . . Alert | -11 -10 -10 -9 -8 -8 ------- Run | Yrd Mat Min Mat Mat Sto Peak Influence 287 | . 210 173 205 171 287 Initial 86 | . . 3 11 86 67 Average 83 | . 86 55 92 127 150 Maximum Alert Level 1 | . 1 . 1 . 1 Low Security (%) 95 | . 98 100 99 100 68 Level 1 4 | . 1 . . . 31 Level 2 . | . . . . . . Level 3 . | . . . . . . Level 4 . | . . . . . . Level 5 . | . . . . . . High Security . | . . . . . . Max Security . | . . . . . . Squads Dispatched 3 | . 1 . . . 2 Investigation . | . . . . . . Extermination . | . . . . . . Reinforcement 1 | . 1 . . . . Assault 2 | . . . . . 2 Garrison . | . . . . . . Intercept . | . . . . . . Searches Triggered . | . . . . . . Construction Impeded . | . . . . . . Haulers Reinforced . | . . . . . . Active Scanning Responses . | . . . . . . Cargo Convoy Interrupts . | . . . . . . Stealth | -11 -10 -10 -9 -8 -8 --------- Run | Yrd Mat Min Mat Mat Sto Distress Signals 4 | . 2 1 1 . . Communications Jammed . | . . . . . . Distress Signals . | . . . . . . Times Spotted 65 | . 13 9 17 6 20 Peak Tracking Total 9 | . 3 3 8 4 9 Tactical Retreats . | . . . . . . Traps | -11 -10 -10 -9 -8 -8 ------- Run | Yrd Mat Min Mat Mat Sto Traps Triggered 1 | . 1 . . . . Indirectly . | . . . . . . Trap Hack Attempts . | . . . . . . Triggered . | . . . . . . Disarmed . | . . . . . . Reprogrammed . | . . . . . . Reused . | . . . . . . Traps Extracted . | . . . . . . Installed . | . . . . . . Triggered . | . . . . . . Machines | -11 -10 -10 -9 -8 -8 ---------- Run | Yrd Mat Min Mat Mat Sto Machines Disabled . | . . . . . . Max in Single Turn . | . . . . . . Machines Repaired . | . . . . . . Machines Dismantled . | . . . . . . Machines Sabotaged . | . . . . . . Overloaded Fab Kills . | . . . . . . Hacking | -11 -10 -10 -9 -8 -8 --------- Run | Yrd Mat Min Mat Mat Sto Machines Accessed 1 | . . . . . 1 Terminals 1 | . . . . . 1 Fabricators . | . . . . . . Repair Stations . | . . . . . . Recycling Units . | . . . . . . Scanalyzers . | . . . . . . Garrison Access . | . . . . . . Total Hacks 2 | . . . . . 2 Successful 1 | . . . . . 1 Failed 1 | . . . . . 1 Catastrophic . | . . . . . . Database Lockouts . | . . . . . . Manual . | . . . . . . Terminals 2 | . . . . . 2 Fabricators . | . . . . . . Repair Stations . | . . . . . . Recycling Units . | . . . . . . Scanalyzers . | . . . . . . Garrison Access . | . . . . . . Terminal Hacks 1 | . . . . . 1 Robot Analysis 1 | . . . . . 1 Fabricator Hacks . | . . . . . . Repair Station Hacks . | . . . . . . Recycling Unit Hacks . | . . . . . . Scanalyzer . | . . . . . . Garrison Access Hacks . | . . . . . . Unauthorized Hacks . | . . . . . . Terminals . | . . . . . . Fabricators . | . . . . . . Repair Stations . | . . . . . . Recycling Units . | . . . . . . Scanalyzers . | . . . . . . Garrison Access . | . . . . . . Data Cores Recovered . | . . . . . . Used . | . . . . . . Hacking Detections 1 | . . . . . 1 Full Trace Events . | . . . . . . Feedback Events . | . . . . . . Feedback Blocked . | . . . . . . Robot Schematics Acquired . | . . . . . . Robots Built . | . . . . . . Authchips . | . . . . . . Time . | . . . . . . Total Robot Build Rating . | . . . . . . Part Schematics Acquired . | . . . . . . Parts Built . | . . . . . . Authchips . | . . . . . . Time . | . . . . . . Total Part Build Rating . | . . . . . . Parts Repaired . | . . . . . . Time . | . . . . . . Parts Recycled . | . . . . . . Recycled Matter . | . . . . . . Retrieved Matter . | . . . . . . Retrieved Components . | . . . . . . Parts Scanalyzed . | . . . . . . Part Schematics Acquired . | . . . . . . Parts Damaged . | . . . . . . Bothacking | -11 -10 -10 -9 -8 -8 ------------ Run | Yrd Mat Min Mat Mat Sto Used RIF Installer . | . . . . . . Robots Hacked . | . . . . . . Non-combat . | . . . . . . Combat . | . . . . . . Robot Hacks Applied . | . . . . . . Relay Couplers Released . | . . . . . . Fabnet Peak Effective % . | . . . . . . Robots Rewired . | . . . . . . Allies Hacked . | . . . . . . Hacks Repelled . | . . . . . . Allies | -11 -10 -10 -9 -8 -8 -------- Run | Yrd Mat Min Mat Mat Sto Total Allies 2 | . . . . . 2 Largest Group 2 | . . . . . 2 Highest-Rated Group 62 | . . . . . 62 Highest-Rated Ally 31 | . . . . . 31 Total Orders . | . . . . . . Ally Attacks 9 | . . . . . 9 Total Damage 84 | . . . . . 84 Kills . | . . . . . . Allies Corrupted . | . . . . . . Allies Melted . | . . . . . . Intel | -11 -10 -10 -9 -8 -8 ------- Run | Yrd Mat Min Mat Mat Sto Robot Analysis Total 1 | . . . . . 1 Derelict Logs Recovered . | . . . . . . Drone Launches . | . . . . . . Drone Recoveries . | . . . . . . Exploration | -11 -10 -10 -9 -8 -8 ------------- Run | Yrd Mat Min Mat Mat Sto Turns Passed 2762 | . 547 1155 631 101 328 Spaces Moved 836 | 1 183 272 198 35 147 Core 69 | . . 16 2 . 51 Treads 532 | . 99 256 156 21 . Legs 184 | 1 84 . 13 . 86 Wheels 51 | . . . 27 14 10 Hover . | . . . . . . Flight . | . . . . . . Fastest Speed 50 | 120 120 320 115 175 50 Average Speed 263 | 120 238 389 244 214 100 Slowest Speed 1550 | 120 400 1550 1350 240 175 Overloaded Moves . | . . . . . . Propulsion Burnouts . | . . . . . . Robots Hopped . | . . . . . . Cave-ins Triggered . | . . . . . . Exploration Rate (%) 29 | 2 54 63 29 8 20 Regions Visited 5 Branch Regions 2 Pre-discovered Areas . | . . . . . . Known Exits Taken . | . . . . . . Unknown Exits Taken 5 | 1 1 1 1 1 . Scrap Searched 1 | . . 1 . . . Spaces Dug . | . . . . . . Terrain Destroyed . | . . . . . . Melee . | . . . . . . Projectile . | . . . . . . AOE . | . . . . . . Terrain Rammed . | . . . . . . Walls Destroyed . | . . . . . . Machines Disabled . | . . . . . . Actions | -11 -10 -10 -9 -8 -8 --------- Run | Yrd Mat Min Mat Mat Sto Total 1133 | . 234 317 284 47 251 Wait 48 | . 4 2 7 . 35 Move 831 | . 182 271 197 34 147 Hop . | . . . . . . Pick Up 8 | . . 1 5 . 2 Fast Attach 29 | . 1 2 13 . 13 Attach 9 | . 2 . 5 1 1 Detach 9 | . 2 . 5 . 2 Swap 11 | . 4 1 5 . 1 Drop 12 | . 1 . 6 . 5 Fire 167 | . 38 35 41 9 44 Melee . | . . . . . . Ram 1 | . . . . . 1 Kick . | . . . . . . Crush 8 | . . 5 . 3 . Escape Stasis . | . . . . . . Rewire . | . . . . . . Trap . | . . . . . . Miscellaneous . | . . . . . . Route ------- -11/Scrapyard -10/Materials (discovered 2 exits: [*Mat] / [*Min]) -10/Mines -9/Materials -8/Materials -8/Storage History --------- Turn | Location | Event 1 | -11/Scrapyard | Discovered new exit (range 0) 1 | -11/Scrapyard | Entered Materials 197 | -10/Materials | Discovered new exit (range 16) 299 | -10/Materials | Discovered new exit (range 5) 312 | -10/Materials | Build established: Mutant 548 | -10/Materials | Entered Mines 1435 | -10/Mines | Discovered new exit (range 9) 1465 | -10/Mines | Core integrity fell below 50% 1497 | -10/Mines | Lost 3 parts (1p2n) 1703 | -10/Mines | Entered Materials 1703 | -9/Materials | Evolved 2 slots: Propulsion x2 1871 | -9/Materials | Lost 8 parts (1p4n1u2w) 2138 | -9/Materials | Core integrity fell below 50% 2327 | -9/Materials | Discovered new exit (range 3) 2334 | -9/Materials | Entered another Materials area 2334 | -8/Materials | Evolved 2 slots: Utility x2 2419 | -8/Materials | Discovered new exit (range 10) 2435 | -8/Materials | Entered Storage 2446 | -8/Storage | Met a pair of Derelict thieves 2453 | -8/Storage | Released all parts (6) 2609 | -8/Storage | Core integrity fell below 50% 2757 | -8/Storage | Core integrity fell below 20% 2760 | -8/Storage | Released all parts (5) 2763 | -8/Storage | Destroyed by G-47 Trooper with Particle Gun Last Messages --------------- Y-45 Defender suffers critical hit (Burn). Heat Sink melted. Beam Rifle melted. Y-45 Defender destroyed. R-06 Scavenger collects Wheel. K-01 Serf collects debris. Carbon-fiber Leg destroyed. K-01 Serf collects debris. K-01 Serf cleans the Compression Vault. Hvy. Particle Gun destroyed. Carbon-fiber Leg severed. Released Adv. Heat Sink. Released Hvy. Laser. Released Titanium Leg. Released Melee Analysis Suite. Released Machine Analyzer. Slammed into L-31 Rogue. M-13 Machinist repairs G-50 Soldier. K-01 Serf collects debris. A-02 Transporter destroyed. Map ----- +----------------------------------------------------+ | ??????????????????????????????????????????????? | | ??????????????????????????????????????????????? | | ??????????????????????????????????????????????? | | ??????????????????????????????????????????????? | | ??????????????????????????????????????????????? | | ??????????????????????????????????????????????? | | ??????????????????????????????????????????????? | | ??????????????????????????????????????????????? | | ??????????????????????????????????????????????? | | ??????????????????????????????????????????????? | | ??????????????????????????????????????????????? | | ??????????????????????????????????????????????? | | ??????????????????????????????????????????????? | | ??????????????????????????????????????????????? | | ??????????????????????????????????????????????? | | ??????????????????????????????????????????????? | | ?????????????????????##???????????????????????? | | ???????????########## ###?????????????????????? | | ??#####????# [ #?????????????????????? | | ###"""#????# """ """ #?????????????????????? | | # #"T"####?# """ """ #?????????????????????? | | # ! #?# """[""" #?????????????????????? | | # """""%=#?# =!=% #?????????????????????? | | # """"" !#########l############+###???????????? | | # """"" %#% gg[[%Y*% % % k a ????????? | | # +% k mg *[[@=! #????????????? | | # """ = #* [ !| #????????????? | | # """ %#[ #####################????????????? | | # """ # #????????????????????????????????? | | # # #????????????????????????????????? | | ########## %#????????????????????????????????? | | # # %#????????????????????????????????? | | # # #?#######?????????????????""?????? | | # """ # # #?????????????????T"?????? | | # """ [#% # #?????????????????""?????? | | # """ %+ + #????????????????????????? | | # """ #% # #????????????????????????? | | # """ # # #????????????????????????? | | # # + #????????????????????????? | | # # # #????????????????????????? | | ######## # # #????????????????????????? | | ???????### #? #????????????????????????? | | ?????????# #? #????????????????????????? | | ?????????# #?? #????????????????????????? | | ?######### #??######????????????????????????? | | ?#!!=!# # #????????????????????????????????? | | ?#!!**"= # #????????????????????????????????? | | ?# *===*!# #????????????????????????????????? | | ?#*!*="= + #????????????????????????????????? | | ?#=!!!#T## #????????????????????????????????? | +----------------------------------------------------+ Best States ------------- Heat Dissipation 50 Energy Generation 14 Energy Capacity 265 Matter Stores 300 Matter Capacity 300 Sight Range 16 Terrain Scan Density 10 Armor Coverage 150 Evasion (%) 55 Melee Accuracy 5 Recoil Reduction 3 Item Schematics ----------------- None Robot Schematics ------------------ None Fabricated ------------ Nothing Alien Tech Used ----------------- None Achievements -------------- None Challenges ------------ None Game ------ Seed MomentumCoreBooster Manual? 0 Play Time 00:13:20 Cumulative 46.4 hours Start 2024.04.13 @ 00:18:53 End 2024.04.13 @ 00:33:23 Sessions 1 Manual Loads 0 Difficulty Rogue Special Mode None Game No. 120 Rogue 118 Adventurer 2 Explorer 0 Win Type - Total 0 Types 0/0/0/0/0/0/0/0/0 Lore% 30 Gallery% 38 Achievement% 28 Wizard Run 0 Options --------- Layout 2 ASCII 0 Keyboard 1 Movement Numpad Keybinds 1 Fullscreen 2 Font 24/Smallcaps Map View 50x44 Zoom Use 0% Tactical HUD 1 Map Filters NONE Filters NONE Steam 1 RUN: aada143c-0f00-4ef9-a978-a2f1327b2b77